Map: Black Site 2E

Players

Slugger

  • Race: Protoss Protoss
  • Spawn Location: 6:00

chefsini

  • Race: Zerg Zerg
  • Spawn Location: 5:00

ManganiPost

  • Race: Zerg Zerg
  • Spawn Location: 3:00

GreenChile

  • Race: Zerg Zerg
  • League: Gold
  • Spawn Location: 11:00

woffy

  • Race: Terran Terran
  • Spawn Location: 12:00

Metasapien

  • Race: Zerg Zerg
  • League: Gold
  • Spawn Location: 9:00

VOD

Have the link to the VOD?

Description

Time

  • Played on: Sept. 4, 2017, 4:34 p.m.
  • Length: 24:31
Show
View Real Time Build Order
Export as new Build Order

Slugger Protoss 

Build Orders:  

Get SALT Encoding   

  12  0:02  Probe (Chrono Boost)  
  13  0:13  Probe (Chrono Boost)  
  14  0:23  Probe (Chrono Boost)  
  15  0:30  Pylon  
  15  0:48  Probe (Chrono Boost)  
  15  0:49  Gateway  
  16  0:56  Gateway  
  16  0:58  Probe (Chrono Boost)  
  17  1:06  Gateway  
  17  1:11  Assimilator  
  17  1:14  Probe (Chrono Boost)  
  18  1:25  Probe (Chrono Boost)  
  19  1:27  Assimilator  
  19  1:33  Pylon  
  19  1:35  Probe (Chrono Boost)  
  20  1:40  Pylon  
  20  1:50  Cybernetics Core  
  20  1:53  Probe (Chrono Boost)  
  21  2:03  Probe (Chrono Boost)  
  22  2:10  Forge  
  22  2:14  Probe (Chrono Boost)  
  23  2:16  Zealot  
  23  2:22  Zealot  
  27  2:30  Stalker  
  29  2:43  Stalker  
  31  2:49  Stalker  
  33  3:00  Stalker  
  35  3:11  Protoss Ground Weapons Level 1 (Chrono Boost)  
  35  3:13  Stalker  
  35  3:19  Stalker  
  39  3:31  Photon Cannon  
  39  3:40  Photon Cannon  
  39  3:57  Pylon  
  39  4:07  Pylon  
  39  4:15  Stalker x2  
  43  4:18  Stalker  
  35  4:50  Stalker x3  
  35  5:20  Stalker x3  
  41  5:35  Nexus  
  41  6:12  Photon Cannon  
  41  6:17  Photon Cannon  
  39  6:35  Pylon  
  37  7:00  Probe  
  26  7:08  Probe  
  26  7:10  Probe  
  26  7:14  Stargate  
  26  7:17  Stargate  
  26  7:20  Stargate, Probe  
  26  7:21  Probe  
  28  7:28  Photon Cannon  
  27  7:30  Photon Cannon  
  27  7:31  Probe  
  27  7:33  Assimilator, Probe  
  29  7:39  Assimilator  
  29  7:42  Probe  
  30  7:45  Probe  
  31  7:52  Probe  
  31  7:57  Probe  
  33  8:03  Probe  
  34  8:09  Probe  
  34  8:12  Pylon  
  35  8:13  Probe  
  35  8:14  Pylon  
  35  8:16  Pylon  
  35  8:17  Void Ray  
  40  8:21  Probe  
  41  8:28  Void Ray  
  41  8:33  Probe  
  46  8:34  Probe  
  47  8:45  Probe  
  47  8:48  Void Ray  
  52  8:55  Probe  
  52  8:56  Protoss Air Weapons Level 1  
  52  9:02  Void Ray  
  57  9:12  Void Ray  
  54  9:29  Probe  
  44  9:36  Probe  
  45  9:40  Probe  
  46  9:48  Probe  
  46  9:50  Probe  
  48  10:00  Probe  
  48  10:01  Probe  
  50  10:11  Probe  
  51  10:19  Nexus  
  51  10:21  Probe  
  52  10:22  Probe  
  53  10:32  Probe  
  53  10:33  Probe  
  55  10:39  Void Ray  
  59  10:43  Probe  
  59  10:47  Pylon  
  60  10:51  Protoss Air Armor Level 1  
  60  10:53  Probe  
  60  10:55  Probe  
  62  11:07  Probe  
  62  11:09  Void Ray  
  67  11:19  Probe  
  67  11:20  Void Ray  
  72  11:31  Probe  
  73  11:36  Void Ray  
  77  11:43  Probe  
  77  11:46  Photon Cannon  
  78  11:53  Photon Cannon  
  78  11:56  Probe  
  79  12:06  Probe  
  79  12:08  Probe  
  81  12:11  Assimilator  
  81  12:14  Pylon  
  81  12:16  Probe  
  81  12:17  Void Ray  
  86  12:27  Probe  
  87  12:37  Probe  
  87  12:38  Fleet Beacon  
  87  12:39  Pylon  
  87  12:43  Photon Cannon  
  88  12:48  Probe  
  88  12:49  Assimilator  
  89  12:52  Pylon  
  89  12:57  Void Ray  
  93  12:58  Probe  
  93  13:00  Void Ray  
  98  13:07  Protoss Shields Level 1 (Chrono Boost)  
  98  13:56  Carrier x3  
  96  14:37  Stargate  
  96  14:40  Probe  
  97  14:50  Graviton Catapult  
  97  14:51  Probe  
  94  15:01  Probe  
  95  15:09  Protoss Air Weapons Level 2  
  95  15:20  Carrier  
  101  15:22  Carrier x3  
  119  15:29  Mothership Core  
  103  16:46  Carrier  
  109  16:47  Carrier  
  109  16:48  Carrier x2  
  121  18:11  Carrier  
  127  18:13  Carrier  
  133  19:22  Carrier x2  
  145  19:31  Pylon  
  145  19:34  Pylon  
  145  19:36  Pylon  
  145  19:39  Pylon  
  145  19:42  Pylon  
  145  19:45  Pylon  
  145  19:46  Protoss Air Weapons Level 3  
  145  19:48  Carrier x2  
  145  19:52  Nexus  
  157  19:56  Pylon  
  157  20:00  Pylon  
  157  20:09  Pylon  
  157  20:29  Photon Cannon  
  157  20:33  Photon Cannon  
  157  20:34  Photon Cannon  
  157  20:37  Photon Cannon  
  157  20:41  Photon Cannon  
  157  20:47  Assimilator  
  157  20:48  Carrier  
  163  20:52  Assimilator  
  163  20:54  Robotics Facility  
  163  20:55  Carrier  
  169  21:14  Carrier x2, Probe  
  182  21:24  Probe  
  151  21:35  Probe  
  146  22:33  Observer  
  147  22:37  Carrier x2  
  147  22:40  Carrier  
  159  23:21  Photon Cannon  
  159  23:24  Photon Cannon  
  159  23:29  Pylon  
Show
View Real Time Build Order
Export as new Build Order

chefsini Zerg 

Build Orders: Pool First, Zergling Baneling 

Get SALT Encoding   

  12  0:03  Drone  
  13  0:14  Overlord  
  13  0:19  Drone  
  14  0:38  Spawning Pool  
  14  0:40  Drone  
  14  0:43  Drone  
  14  0:47  Drone  
  16  0:52  Drone  
  16  0:56  Extractor  
  16  0:57  Extractor  
  15  1:05  Drone  
  16  1:21  Drone  
  17  1:28  Queen  
  17  1:29  Zergling x2  
  20  1:33  Spine Crawler  
  20  1:34  Drone  
  20  1:46  Metabolic Boost  
  20  1:50  Zergling x2  
  21  2:00  Overlord  
  21  2:08  Evolution Chamber  
  21  2:10  Zergling x2  
  21  2:18  Zergling x2  
  22  2:29  Zergling x2  
  23  2:41  Zergling x6  
  23  2:44  Zerg Melee Weapons Level 1  
  26  2:53  Overlord  
  26  2:58  Spore Crawler  
  26  3:03  Zergling x2  
  26  3:13  Zergling x2  
  26  3:14  Zergling x4  
  29  3:22  Zergling x2  
  30  3:27  Baneling Nest  
  30  3:30  Zergling x2  
  31  3:41  Zergling x2  
  30  3:53  Zergling x2  
  30  3:56  Zergling x6  
  29  4:07  Zergling x2  
  29  4:18  Zergling x2  
  29  4:31  Zergling x2  
  23  4:40  Zergling x2  
  24  4:48  Baneling x5  
  24  4:49  Baneling x5  
  24  4:51  Zergling x6  
  27  4:59  Drone  
  28  5:11  Drone  
  29  5:18  Overlord  
  29  5:26  Drone  
  30  5:29  Overlord x2  
  29  5:44  Zergling x2  
  29  5:45  Zergling x2  
  28  6:00  Zergling x2  
  26  6:18  Zergling x4  
  24  6:25  Zergling x2  
  25  6:38  Zergling x2  
  25  6:46  Hatchery, Zergling x2  
  24  6:58  Zerg Ground Armor Level 1  
  24  7:08  Drone x2  
  23  7:28  Baneling x2  
  23  7:29  Baneling  
  23  7:30  Baneling  
  23  7:36  Zergling x8  
  23  7:37  Zergling x2  
  28  7:44  Lair  
  28  7:50  Drone  
  29  7:55  Baneling x2  
  29  8:02  Queen  
  29  8:03  Drone  
  32  8:06  Drone  
  33  8:13  Baneling  
  33  8:14  Baneling x3  
  33  8:24  Drone  
  33  8:25  Drone  
  34  8:55  Drone x5  
  37  8:56  Drone x3  
  42  9:04  Baneling x4  
  42  9:05  Baneling  
  42  9:23  Zergling x2  
  42  9:24  Zergling x8  
  46  9:42  Drone x5  
  51  9:58  Extractor  
  50  10:00  Extractor  
  50  10:05  Baneling x3  
  49  10:07  Drone  
  49  10:08  Drone  
  49  10:10  Overlord x3  
  51  10:32  Zergling x2  
  51  10:33  Zergling x8  
  56  10:48  Extractor  
  55  10:50  Extractor  
  55  10:54  Overseer  
  54  10:58  Zerg Melee Weapons Level 2  
  54  11:02  Drone  
  55  11:06  Zergling x2  
  55  11:07  Zergling x14  
  63  11:23  Zergling x10  
  68  11:31  Drone x2  
  68  11:32  Hatchery  
  60  12:05  Zergling x4  
  61  12:10  Zergling x8  
  61  12:11  Zergling x8  
  68  12:24  Baneling  
  68  12:25  Baneling x8  
  68  12:26  Baneling x10  
  68  12:27  Baneling x9  
  68  12:28  Baneling x2  
  68  12:45  Drone x3  
  68  12:48  Drone  
  72  12:56  Infestation Pit  
  71  13:06  Drone x2  
  71  13:07  Drone x7  
  71  13:08  Drone  
  81  13:13  Zerg Ground Armor Level 2  
  81  13:25  Drone  
  82  13:27  Overlord x3  
  82  13:45  Overlord x3  
  82  13:46  Overlord x2  
  82  13:57  Hive  
  82  14:05  Drone x5  
  82  14:07  Drone  
  88  14:20  Spine Crawler  
  88  14:23  Spore Crawler  
  86  14:27  Spore Crawler  
  85  14:58  Centrifical Hooks  
  85  15:03  Hatchery  
  85  15:05  Extractor x2  
  82  15:08  Drone x2  
  84  15:42  Zerg Melee Weapons Level 3  
  84  15:43  Ultralisk Cavern  
  84  16:02  Overlord x2  
  84  16:03  Overlord x3  
  84  16:19  Baneling  
  84  16:20  Baneling x6  
  84  16:21  Baneling x9  
  84  16:22  Baneling x6  
  84  16:30  Ultralisk x7  
  84  16:32  Ultralisk  
  104  16:51  Zergling x2  
  104  16:52  Zergling x16  
  104  16:53  Zergling x6  
  116  17:07  Zergling x4  
  116  17:08  Zergling x2  
  119  17:15  Baneling  
  119  17:16  Baneling x8  
  119  17:17  Baneling x9  
  119  17:18  Baneling x6  
  119  17:34  Ultralisk x2  
  131  17:47  Ultralisk  
  136  17:55  Ultralisk  
  136  17:57  Zergling x2  
  136  17:58  Zergling x2  
  138  18:15  Ultralisk  
  137  18:20  Zerg Ground Armor Level 3, Ultralisk  
  143  18:31  Ultralisk  
  141  18:45  Ultralisk  
  104  19:14  Ultralisk  
  104  19:15  Ultralisk  
  116  19:21  Hatchery  
  115  19:28  Zergling x2  
  115  19:29  Zergling x12  
  115  19:30  Zergling x2  
  123  19:45  Chitinous Plating  
  123  19:49  Drone  
  123  19:50  Drone x3  
  127  20:09  Zergling x2  
  127  20:10  Zergling x14  
  127  20:11  Zergling x4  
  137  20:14  Baneling x3  
  137  20:15  Baneling x7  
  137  20:17  Baneling  
  137  20:18  Baneling  
  137  20:19  Baneling  
  137  20:20  Baneling  
  137  20:21  Baneling  
  137  20:22  Baneling  
  137  20:27  Overseer x3  
  137  20:36  Queen  
  139  20:43  Baneling x2  
  139  20:44  Baneling x10  
  139  20:46  Baneling  
  139  20:53  Zergling x2  
  139  20:54  Zergling x12  
  146  21:04  Zergling x14  
  138  21:17  Ultralisk  
  116  21:44  Ultralisk x2  
  65  22:01  Drone  
  65  22:02  Drone x8  
  65  22:03  Drone x3  
  72  22:25  Ultralisk x2  
  79  22:51  Overseer x2  
  79  23:10  Ultralisk  
  79  23:11  Ultralisk  
  91  23:15  Zergling x16  
  91  23:16  Zergling x4  
  91  23:17  Extractor  
  100  23:24  Zergling x10  
  100  23:26  Zergling x2  
  106  23:36  Ultralisk  
  67  24:05  Zergling x16  
  67  24:06  Zergling x6  
  82  24:13  Baneling  
  82  24:14  Baneling x5  
Show
View Real Time Build Order
Export as new Build Order

ManganiPost Zerg 

Build Orders: Pool First, Muta Ling Bane 

Get SALT Encoding   

  12  0:08  Overlord  
  12  0:34  Spawning Pool  
  11  0:38  Overlord  
  11  0:41  Drone  
  12  0:46  Drone  
  13  1:01  Drone  
  14  1:07  Drone  
  15  1:17  Drone  
  16  1:24  Queen  
  18  1:27  Drone  
  18  1:31  Extractor  
  18  1:35  Drone  
  19  1:44  Overlord  
  19  2:08  Zergling x4  
  21  2:18  Zergling x2  
  22  2:27  Zergling x2  
  23  2:35  Metabolic Boost  
  23  2:37  Zergling x2  
  23  2:38  Zergling x4  
  26  2:52  Hatchery, Zergling x2  
  26  3:18  Zergling x4, Drone x2  
  26  3:19  Zergling x2  
  31  3:27  Zergling x2  
  32  3:37  Evolution Chamber  
  22  4:39  Zergling x10  
  22  4:41  Zerg Melee Weapons Level 1  
  22  4:45  Extractor  
  25  4:47  Drone x3  
  25  4:49  Queen  
  25  4:52  Burrow  
  30  5:09  Baneling Nest  
  30  5:10  Zergling x6  
  32  5:16  Drone x2  
  32  5:18  Extractor  
  34  5:21  Drone  
  34  5:22  Extractor  
  34  5:24  Drone x3  
  36  5:36  Drone  
  37  5:46  Drone x3  
  37  5:47  Roach Warren  
  39  5:55  Baneling  
  39  5:56  Baneling x6  
  39  6:04  Lair  
  39  6:06  Drone x2  
  41  6:15  Spore Crawler  
  30  6:50  Drone x3  
  30  6:51  Drone x3  
  36  6:56  Roach x4  
  44  7:04  Glial Reconstitution  
  44  7:05  Centrifical Hooks  
  44  7:09  Overlord  
  44  7:40  Hatchery  
  43  7:45  Spire  
  42  7:59  Overseer  
  42  8:03  Overlord x4  
  42  8:14  Drone x2  
  44  8:25  Infestation Pit  
  43  8:28  Spore Crawler  
  42  8:42  Zergling x10  
  42  8:43  Zergling x2  
  48  8:56  Overseer  
  48  9:00  Mutalisk x3  
  54  9:56  Tunneling Claws  
  54  9:58  Zerg Flyer Weapons Level 1  
  54  10:01  Hive  
  54  10:06  Mutalisk x3  
  54  10:07  Mutalisk x3  
  66  10:14  Drone x3  
  66  10:16  Queen  
  71  10:29  Extractor  
  71  10:32  Drone  
  71  10:40  Extractor  
  71  10:42  Mutalisk x3  
  74  10:44  Corruptor x3  
  74  10:48  Baneling x3  
  74  10:49  Baneling  
  82  10:52  Pneumatized Carapace  
  82  10:59  Spore Crawler  
  82  11:02  Drone  
  82  11:07  Spore Crawler  
  82  11:10  Spore Crawler  
  80  11:14  Spore Crawler  
  79  11:25  Mutalisk x2  
  79  11:29  Mutalisk  
  85  11:34  Drone x2  
  85  11:37  Drone  
  88  11:53  Zerg Flyer Armor Level 1  
  86  12:09  Drone x4  
  90  12:20  Spore Crawler  
  89  12:22  Spine Crawler  
  89  12:24  Drone x2  
  89  12:26  Overlord  
  90  12:48  Spire  
  90  12:51  Drone x4  
  92  12:54  Drone  
  94  13:07  Drone x3  
  97  13:29  Overlord  
  97  13:38  Overseer  
  97  13:42  Drone  
  97  13:46  Overlord x3, Zerg Flyer Weapons Level 2  
  97  13:47  Overlord x3  
  98  14:29  Hatchery  
  97  14:57  Extractor  
  97  14:59  Extractor  
  95  15:03  Corruptor x3  
  95  15:04  Corruptor x3  
  107  15:10  Mutalisk x5  
  117  15:58  Drone x2  
  115  16:16  Drone x2  
  111  16:25  Baneling x4  
  101  16:27  Corruptor x3  
  64  16:55  Mutalisk x2  
  68  17:08  Zergling x8  
  70  17:39  Roach x2  
  70  17:40  Zergling x14  
  70  17:41  Zergling x2  
  70  17:43  Roach  
  80  17:50  Corruptor x5  
  90  18:35  Greater Spire  
  90  18:38  Zerg Flyer Weapons Level 3  
  90  18:40  Drone x3  
  93  18:46  Mutalisk x3  
  99  18:55  Overlord x4  
  99  18:57  Overseer  
  99  18:58  Overseer  
  92  19:25  Hatchery  
  91  19:41  Mutalisk x3  
  97  19:48  Lair  
  97  19:49  Zerg Flyer Armor Level 2  
  97  19:57  Brood Lord x2  
  97  19:59  Brood Lord  
  103  20:18  Ravager  
  103  21:03  Mutalisk x6  
  113  21:09  Extractor, Drone x3  
  113  21:10  Extractor, Queen  
  118  21:34  Drone x2  
  85  22:05  Brood Lord  
  85  22:06  Brood Lord  
  89  22:08  Corruptor x2  
  89  22:09  Corruptor  
  95  22:31  Corruptor x3  
  101  22:37  Corruptor  
  101  22:38  Corruptor x3  
  101  22:42  Corruptor  
  101  22:43  Corruptor x4  
  119  22:57  Overlord x2  
  119  23:02  Overseer x2  
  119  23:12  Corruptor x2  
  123  23:25  Brood Lord  
  125  23:37  Drone x2  
  125  23:38  Drone x4  
Show
View Real Time Build Order
Export as new Build Order

GreenChile Zerg 

Build Orders: Pool First, Swarm Host 

Get SALT Encoding   

  12  0:02  Drone  
  13  0:18  Overlord  
  13  0:19  Drone  
  14  0:40  Spawning Pool  
  14  0:41  Drone  
  14  0:48  Drone x2  
  16  1:00  Drone  
  17  1:04  Extractor  
  17  1:10  Drone  
  17  1:15  Drone  
  18  1:28  Hatchery, Drone  
  18  1:38  Queen  
  20  1:42  Zergling x2  
  21  1:49  Overlord  
  21  1:59  Spore Crawler  
  21  2:00  Drone  
  21  2:13  Metabolic Boost  
  21  2:24  Drone x2  
  23  2:34  Extractor  
  23  2:37  Zergling x2  
  23  2:41  Queen  
  23  2:42  Drone  
  26  2:47  Lair  
  26  2:54  Drone x2  
  28  3:02  Drone  
  28  3:05  Drone x2  
  31  3:18  Drone  
  31  3:27  Baneling Nest, Zergling x6  
  33  3:35  Spine Crawler  
  32  3:42  Spine Crawler  
  31  3:49  Spine Crawler  
  31  4:02  Zergling x2  
  31  4:03  Zergling x4  
  33  4:10  Overlord  
  33  4:14  Baneling x7  
  33  4:32  Drone x2  
  33  4:33  Drone x3  
  38  4:53  Centrifical Hooks  
  38  4:56  Drone x2  
  38  4:57  Drone  
  38  4:59  Drone x2  
  43  5:15  Overlord, Nydus Network  
  42  5:27  Drone x2  
  44  5:29  Overlord  
  44  5:35  Baneling x2  
  44  5:36  Baneling x5  
  44  5:37  Extractor x2  
  42  5:46  Zergling x6  
  45  5:57  Zergling x6  
  44  6:28  Zergling x8  
  44  6:29  Zergling x2  
  44  6:31  Hatchery  
  48  6:38  Hatchery  
  47  6:42  Hatchery  
  43  6:51  Zergling x10  
  41  7:23  Zergling x10  
  41  7:28  Drone x3  
  49  7:42  Infestation Pit  
  49  7:43  Baneling x4  
  49  7:44  Baneling x8  
  48  7:45  Baneling x4  
  48  7:50  Queen  
  50  7:54  Queen  
  52  8:00  Drone x2  
  54  8:12  Drone x6  
  60  8:17  Pneumatized Carapace  
  60  8:21  Drone  
  61  8:28  Nydus Canal  
  61  8:39  Swarm Host x2  
  70  8:54  Nydus Canal  
  70  9:04  Queen, Drone x2  
  70  9:05  Drone  
  70  9:09  Spore Crawler  
  60  9:34  Swarm Host  
  60  9:36  Overlord x2  
  60  9:37  Overlord x2  
  75  9:39  Drone x2  
  75  9:43  Extractor  
  76  9:45  Extractor  
  76  9:48  Drone  
  76  9:59  Burrow  
  76  10:00  Spire  
  76  10:03  Drone x5  
  80  10:07  Drone x2  
  82  10:15  Drone  
  82  10:16  Drone x3  
  86  10:24  Overseer  
  86  10:27  Overseer  
  86  10:41  Swarm Host  
  86  10:42  Swarm Host  
  92  10:44  Overlord  
  101  11:11  Hive  
  101  11:34  Nydus Canal  
  101  11:37  Corruptor x4  
  101  11:39  Overlord x5  
  94  12:26  Greater Spire  
  94  12:30  Corruptor x8  
  94  12:31  Corruptor x3  
  116  12:38  Drone x4  
  116  12:40  Drone  
  116  12:42  Drone  
  122  12:58  Spore Crawler  
  121  13:19  Corruptor x4  
  121  13:20  Corruptor x3  
  121  13:23  Overlord  
  121  13:24  Overlord  
  123  14:07  Zerg Flyer Weapons Level 1  
  105  14:17  Corruptor x8  
  105  14:18  Corruptor x3  
  105  14:20  Corruptor  
  129  14:26  Corruptor  
  131  15:08  Corruptor x8  
  147  15:17  Hatchery  
  146  15:51  Extractor x2  
  122  16:25  Zerg Flyer Armor Level 1  
  106  16:47  Corruptor x6  
  106  16:48  Corruptor x4  
  124  17:00  Zergling x6  
  127  17:02  Zergling x10  
  127  17:03  Zergling x16  
  127  17:04  Zergling x16  
  127  17:06  Queen  
  127  17:07  Drone  
  127  17:08  Drone x2  
  153  17:31  Adrenal Glands  
  153  17:37  Evolution Chamber  
  153  17:38  Nydus Canal  
  152  17:46  Hatchery  
  152  17:48  Extractor  
  152  17:50  Extractor  
  150  17:59  Corruptor x5  
  110  18:37  Corruptor x2  
  110  18:38  Corruptor x6  
  126  18:51  Corruptor x4  
  126  18:52  Corruptor x2  
  138  19:19  Infestor x2  
  141  19:44  Corruptor x4  
  149  19:46  Infestor x3  
  155  20:12  Corruptor  
  157  20:45  Hatchery  
  84  21:49  Corruptor x6  
  96  22:16  Corruptor  
Show
View Real Time Build Order
Export as new Build Order

woffy Terran 

Build Orders: MMM Bio 

Get SALT Encoding   

  12  0:01  SCV  
  13  0:16  Supply Depot  
  13  0:18  SCV  
  14  0:30  SCV  
  15  0:39  Barracks  
  15  0:50  Barracks  
  15  0:52  SCV  
  16  1:07  Barracks  
  16  1:08  SCV  
  17  1:20  SCV  
  18  1:28  Supply Depot  
  18  1:30  Marine  
  19  1:36  SCV  
  19  1:38  Marine  
  21  1:48  Marine  
  22  1:55  Supply Depot  
  22  1:57  Marine x2  
  22  2:00  Refinery  
  24  2:06  Marine  
  24  2:07  SCV  
  26  2:14  Marine  
  27  2:19  Refinery  
  27  2:20  SCV  
  27  2:22  Marine  
  29  2:33  SCV  
  30  2:37  Marine x2  
  32  2:45  Orbital Command  
  32  2:48  Marine  
  33  2:55  Marine x2  
  33  2:58  Engineering Bay  
  35  3:14  SCV  
  35  3:15  Barracks Tech Lab  
  35  3:18  Barracks Tech Lab  
  36  3:25  Terran Infantry Weapons Level 1  
  36  3:27  Barracks Reactor  
  36  3:36  Combat Shields  
  36  3:40  Marine x2  
  38  3:54  Supply Depot  
  38  3:58  Marine  
  39  4:15  Marine x3  
  39  4:16  Marine, Supply Depot  
  43  4:33  Marine x3  
  34  4:53  Marine x4  
  34  4:59  Stimpack  
  38  5:06  Concussive Shells  
  38  5:10  Marine  
  38  5:11  Marine x3  
  42  5:19  Terran Infantry Armor Level 1, Supply Depot  
  42  5:28  Command Center  
  42  5:34  Marauder  
  42  5:35  Marauder  
  43  5:42  Supply Depot  
  41  6:06  Marine x4  
  45  6:23  Marine  
  45  6:24  Marine x3  
  49  6:27  Supply Depot  
  36  6:41  Marine x2  
  31  6:53  Marine x2  
  30  6:59  Marine x2  
  32  7:11  Marine x2  
  34  7:17  Marine x2  
  36  7:28  Marine  
  36  7:29  Marine  
  38  7:35  Marine x2  
  40  7:39  Command Center  
  40  7:46  Marine x2  
  42  7:52  Marine  
  42  7:53  Marine  
  44  8:04  Marine x2  
  46  8:10  Marine x2  
  48  8:22  Marine  
  48  8:23  Marauder  
  48  8:24  Factory  
  51  8:55  Planetary Fortress  
  51  9:00  SCV  
  52  9:11  Armory  
  52  9:12  SCV  
  53  9:24  SCV  
  54  9:36  SCV  
  55  9:38  Marine x2  
  55  9:39  Marine x2  
  59  9:48  SCV  
  60  9:56  Marine x3  
  60  9:57  Marine  
  64  10:04  Starport  
  64  10:14  Marine x3, Refinery  
  64  10:18  Refinery  
  64  10:19  Starport  
  64  10:20  Terran Infantry Weapons Level 2, Starport  
  67  10:39  Widow Mine  
  69  10:44  SCV  
  70  10:56  Starport Reactor, SCV  
  71  10:57  Starport Reactor  
  71  11:03  Starport Reactor  
  71  11:07  Widow Mine  
  71  11:08  SCV  
  74  11:35  Medivac  
  74  11:36  Medivac, Widow Mine  
  74  11:38  Medivac  
  74  11:39  Medivac  
  84  11:41  Medivac x2  
  88  12:04  Widow Mine  
  90  12:17  Marine x4  
  94  12:33  Widow Mine  
  94  12:35  Marine x4  
  94  12:36  Terran Infantry Armor Level 2  
  100  12:53  Marine  
  100  12:57  Viking x2  
  105  13:01  Widow Mine  
  107  13:30  Widow Mine  
  109  14:05  Widow Mine  
  111  14:21  Supply Depot  
  111  14:33  Widow Mine  
  113  14:39  Viking  
  113  14:40  Viking  
  113  14:42  Viking  
  113  14:43  Supply Depot  
  119  14:52  Terran Infantry Weapons Level 3  
  119  15:07  Supply Depot  
  55  17:29  Terran Infantry Armor Level 3  
  51  18:10  Command Center  
  51  18:21  Marine  
  51  18:22  Marine  
  51  18:25  Barracks Reactor  
  51  18:26  Liberator x3  
  53  18:27  Liberator  
  53  18:33  Barracks Reactor  
  53  18:39  Marine x2  
  67  18:57  Marine x2  
  69  19:03  Marine x2  
  67  19:15  Marine x2  
  69  19:21  Marine x4  
  73  19:28  Barracks  
  73  19:33  Marine x2  
  75  19:38  Marine  
  75  19:39  Marine x3  
  79  19:50  Marine  
  79  19:51  Marine  
  81  19:56  Marine x3  
  81  19:57  Marine  
  85  20:08  Marine x2  
  87  20:14  Marine x4  
  87  20:16  Supply Depot  
  87  20:17  Supply Depot  
  87  20:19  Barracks Reactor, Supply Depot  
  91  20:22  Supply Depot  
  91  20:26  Marine x2  
  93  20:31  Orbital Command  
  93  20:32  Marine x4  
  97  20:44  Marine x2  
  99  20:50  Marine x4  
  103  21:07  Marine x3  
  103  21:08  Marine x5  
  103  21:10  Orbital Command  
  108  21:25  Marine x4  
  108  21:26  Marine x4  
  116  21:43  Marine x5  
  116  21:44  Marine x3  
  107  22:42  Marine x3  
  107  22:43  Marine x5  
  115  23:00  Marine x4  
  115  23:01  Marine x4  
  123  23:18  Marine x5  
  123  23:19  Marine x3  
  130  23:36  Marine x7  
  124  24:05  Marine x5  
  124  24:06  Marine x3  
Show
View Real Time Build Order
Export as new Build Order

Metasapien Zerg 

Build Orders: Hatch First 

Get SALT Encoding   

  12  0:02  Drone  
  13  0:13  Overlord  
  13  0:19  Drone  
  14  0:32  Drone  
  14  0:33  Drone  
  16  0:36  Drone  
  17  0:56  Hatchery  
  16  1:00  Extractor  
  16  1:01  Drone  
  16  1:14  Drone x2  
  18  1:22  Spawning Pool  
  17  1:26  Drone  
  18  1:32  Drone  
  19  1:42  Overlord  
  19  1:51  Extractor  
  19  1:53  Drone  
  19  2:06  Drone  
  20  2:12  Drone  
  20  2:13  Queen  
  20  2:14  Queen  
  25  2:22  Roach Warren  
  24  2:24  Drone  
  24  2:28  Drone  
  26  2:32  Drone  
  26  2:36  Drone  
  28  2:48  Drone  
  28  2:49  Drone  
  28  2:50  Drone  
  31  3:07  Zergling x2  
  31  3:09  Roach  
  31  3:12  Drone  
  35  3:13  Drone  
  35  3:16  Hatchery, Drone  
  36  3:20  Overlord  
  36  3:27  Overlord  
  36  3:30  Extractor  
  36  3:32  Extractor  
  34  3:37  Overlord  
  34  3:41  Roach x2  
  38  3:48  Zergling x8  
  39  4:02  Roach x2  
  20  4:22  Zergling x6  
  20  4:23  Zergling x4  
  22  4:47  Drone  
  22  4:48  Drone x2  
  22  4:49  Drone  
  26  4:58  Drone x2  
  28  5:04  Drone  
  29  5:15  Drone x3  
  32  5:23  Queen  
  34  5:32  Queen  
  36  5:48  Drone x5  
  41  5:57  Drone x2  
  41  5:58  Drone  
  41  6:00  Drone  
  40  6:19  Drone  
  40  6:20  Drone x4  
  45  6:27  Drone x2  
  45  6:32  Spine Crawler  
  46  6:34  Spine Crawler  
  45  6:46  Zergling x2  
  46  6:47  Zergling x18  
  45  7:08  Metabolic Boost  
  44  7:20  Drone x3  
  47  7:25  Drone x3  
  47  7:26  Overlord x2  
  47  7:27  Overlord x2  
  50  7:37  Drone  
  50  7:38  Queen, Drone  
  54  7:46  Lair  
  54  7:53  Drone  
  54  7:55  Drone x2  
  54  7:56  Extractor  
  56  8:00  Pneumatized Carapace  
  56  8:11  Drone x3  
  59  8:14  Extractor, Overlord, Queen  
  59  8:18  Extractor  
  59  8:35  Zergling x2  
  59  8:36  Zergling x6  
  63  8:41  Overlord x2  
  63  8:42  Overlord x2  
  63  8:43  Roach Warren  
  63  8:46  Drone  
  63  8:59  Spire  
  63  9:01  Overseer  
  63  9:02  Overseer  
  62  9:04  Burrow  
  62  9:09  Drone x5  
  67  9:11  Drone x3  
  67  9:12  Drone x2  
  67  9:13  Drone  
  67  9:15  Zergling x6  
  76  9:32  Drone  
  76  9:33  Drone x4  
  76  9:34  Drone  
  82  9:40  Overlord x3  
  82  9:42  Hatchery  
  81  9:47  Hydralisk Den  
  80  9:53  Overlord x2  
  80  9:54  Overlord  
  80  9:57  Glial Reconstitution  
  80  10:12  Evolution Chamber  
  79  10:14  Evolution Chamber  
  79  10:19  Zerg Flyer Weapons Level 1  
  78  10:27  Hydralisk x2  
  82  10:28  Hydralisk x2  
  82  10:30  Roach x4  
  82  10:31  Roach x3  
  82  10:32  Infestation Pit  
  99  10:44  Overlord  
  99  10:45  Overlord x3  
  99  10:53  Drone x2  
  99  10:54  Drone  
  99  10:55  Drone x3  
  99  10:57  Drone  
  106  10:59  Hydralisk x2  
  106  11:03  Overseer  
  106  11:04  Overseer  
  110  11:15  Drone x5  
  110  11:16  Drone x3  
  118  11:19  Queen  
  122  11:28  Hive  
  122  11:29  Queen  
  122  11:31  Lair  
  122  11:35  Corruptor  
  124  12:08  Extractor x2, Drone  
  123  12:09  Drone x3  
  126  12:17  Hatchery  
  126  12:20  Nydus Network  
  124  12:23  Zerg Missile Weapons Level 1  
  124  12:24  Zerg Ground Armor Level 1  
  124  12:25  Tunneling Claws  
  124  12:27  Hydralisk  
  124  12:28  Hydralisk x5, Roach x3  
  124  12:29  Hydralisk x3  
  148  12:30  Roach x3  
  148  12:36  Drone x3  
  157  12:37  Drone  
  157  12:38  Drone x2  
  160  13:20  Corruptor  
  160  13:21  Corruptor x4  
  170  13:32  Greater Spire  
  170  13:36  Extractor x2  
  170  13:37  Spire  
  149  14:00  Hydralisk  
  149  14:01  Hydralisk x24  
  199  14:28  Lair  
  199  14:33  Hatchery  
  198  14:39  Zerg Missile Weapons Level 2, Zerg Ground Armor Level 2  
  198  14:41  Adrenal Glands  
  198  14:43  Zergling x4  
  200  14:59  Muscular Augments  
  200  15:25  Nydus Canal  
  200  15:57  Extractor  
  200  15:58  Extractor  
  200  16:18  Brood Lord  
  198  16:45  Zergling x2  
  198  16:46  Zergling x32  
  198  16:47  Zergling x14  
  114  16:58  Zerg Melee Weapons Level 1  
  114  16:59  Zerg Missile Weapons Level 3  
  114  17:01  Lurker Den  
  114  17:09  Zerg Flyer Armor Level 1  
  114  17:11  Zerg Flyer Weapons Level 2  
  114  17:17  Zergling x2  
  114  17:18  Zergling x14  
  122  17:25  Drone x4  
  122  17:26  Drone x4  
  102  17:43  Hydralisk x4  
  102  17:44  Hydralisk x7  
  118  17:54  Spine Crawler  
  118  17:55  Roach x3, Spine Crawler  
  118  17:56  Roach x7  
  136  18:19  Hydralisk  
  138  18:20  Hydralisk x11  
  138  18:25  Roach  
  138  18:26  Roach x8  
  153  18:52  Zerg Ground Armor Level 3  
  109  18:56  Hydralisk x11  
  109  18:57  Hydralisk x4  
  132  19:17  Zergling x16  
  132  19:18  Zergling x6  
  142  19:34  Zergling x2  
  142  19:35  Zergling x18  
  142  19:37  Drone  
  152  19:46  Drone  
  152  19:53  Hatchery  
  151  20:02  Extractor  
  151  20:03  Extractor  
  149  20:13  Hydralisk x3  
  153  20:15  Roach x3, Corruptor  
  153  20:16  Corruptor x3  
  169  20:31  Zergling x4  
  169  20:32  Zergling x10  
  176  20:43  Zerg Melee Weapons Level 2  
  176  20:58  Drone x9  
  176  21:02  Spore Crawler  
  176  21:03  Spore Crawler  
  174  21:19  Hydralisk x4  
  62  22:20  Zergling x2  
  62  22:21  Zergling x44  
  85  22:37  Zergling x4  
  57  23:24  Zergling x20  
  57  23:25  Zergling x26  
  54  24:15  Hatchery  
Tags
 
Add a new tag
Caveats
  • Supply blocks, unpowered buildings, or Contaminate may cause inaccurate times.
  • Supply counts are checked every 10 seconds.